 Dungeon Crawl Stone Soup version 0.23.2-40-g277498a001 (webtiles) character file.

Game seed: 6080652011959234192

387 Curus the Insei (level 6, -3/43 HPs)
             Began as a Merfolk Transmuter on Sept 22, 2019.
             Slain by an ogre
             ... wielding a +0 giant club
              (26 damage)
             ... on level 3 of the Dungeon.
             The game lasted 00:07:12 (2305 turns).

Curus the Insei (Merfolk Transmuter)                Turns: 2305, Time: 00:07:13

Health: -3/43      AC:  6    Str: 10    XL:     6   Next: 78%
Magic:  9/9        EV: 21    Int: 15    God:
Gold:   123        SH:  0    Dex: 19    Spells: 5/9 levels left

rFire    . . .     SeeInvis .     - Unarmed
rCold    . . .     Gourm    .   (shield currently unavailable)
rNeg     . . .     Faith    .   (armour currently unavailable)
rPois    x         Spirit   .   (helmet currently unavailable)
rElec    .         Reflect  .   (cloak currently unavailable)
rCorr    .         Harm     .   (gloves currently unavailable)
MR       +....                  (boots currently unavailable)
Stlth    +++.......             c - amulet of magic regeneration
HPRegen  0.14/turn              e - +4 ring of protection
MPRegen  0.36/turn              g - ring of stealth

@: spider-form
A: tiny, (change form in water), (swift swim), (stealthy swim), magic resistance
1, wild magic 1
a: End Transformation


You were on level 3 of the Dungeon.
You were not hungry.
You were a venomous arachnid creature.
You visited 1 branch of the dungeon, and saw 3 of its levels.

You collected 123 gold pieces.

Inventory:

Missiles
 a - 92 arrows
Armour
 b - a +0 robe (melded)
Jewellery
 c - an amulet of magic regeneration (around neck)
 e - a +4 ring of protection (left front leg)
 f - an uncursed ring of magical power
 g - a ring of stealth (right front leg)
Scrolls
 h - a scroll of amnesia
 i - 2 scrolls of remove curse
Potions
 j - a potion of heal wounds
Comestibles
 d - 2 rations
 k - a chunk of flesh


   Skills:
 - Level 1.1 Fighting
 - Level 2.6 Dodging
 + Level 6.3 Unarmed Combat
 - Level 2.0 Spellcasting
 - Level 4.9 Transmutations
 - Level 3.2 Poison Magic


You had 5 spell levels left.
You knew the following spells:

 Your Spells              Type           Power        Failure   Level  Hunger
a - Beastly Appendage     Tmut           ###...       16%         1    #......
b - Spider Form           Tmut/Pois      ###.......   36%         3    ###....

Your spell library contained the following spells:

 Spells                   Type           Power        Failure   Level  Hunger
 Sticks to Snakes         Tmut           ###.....     19%         2    ###....
 Ice Form                 Ice/Tmut       ##......     87%         4    #####..
 Blade Hands              Tmut           ###.......   87%         5    ######.


Dungeon Overview and Level Annotations

Branches:
Dungeon (3/15)

Altars:


Innate Abilities, Weirdness & Mutations

((You revert to your normal form in water))
((You are very nimble and swift while swimming.))
((You are very stealthy in the water. (Stealth+)))
You are resistant to hostile enchantments. (MR+)
Your spells are a little harder to cast, but a little more powerful.


Message History

The adder misses you.
You hit the adder.
The adder is severely wounded.
The adder closely misses you.
You hit the adder.
The adder is poisoned.
The adder is almost dead.
You kill the adder!
You bite the ogre!
The ogre is moderately wounded.
The ogre misses you.
You hit the ogre.
The ogre is poisoned.
The ogre is heavily wounded.
The ogre barely misses you.
You bite the ogre!
The ogre looks as sick as possible!
The ogre is almost dead.
You hit the ogre.
The ogre looks as sick as possible!
The ogre is almost dead.
The ogre hits you with a +0 giant club!!
Ouch! That really hurt!
You die...

.............
.............
.######.#.##. .#
#.....##)
##.####........
#..#...........
##.##.##.....##.
.###.####....[.††...##
#
.......s..#........##
######O####...######
... ##..# #...⌠
#..###### #..#.
#..(..)(# #.⌠.#
#.####### #. #
##.###### #. #.......#
#.......######


You could see an ogre.

Vanquished Creatures
  Sigmund (D:2)
  An orc warrior (D:3)
  An orc wizard (D:3)
  Terence (D:3)
  2 adders
  A gnoll (D:3)
  An ooze (D:1)
  2 worms (D:2)
  2 dart slugs
  An orc (D:3)
  5 bats
  A giant cockroach (D:1)
  8 goblins
  4 hobgoblins
  5 frilled lizards
  6 kobolds
  10 rats
52 creatures vanquished.

Notes
Turn   | Place    | Note
-------+----------+-------------------------------------------
     0 | D:1      | Curus the Merfolk Transmuter began the quest for the Orb.
     0 | D:1      | Reached XP level 1. HP: 15/15 MP: 3/3
   294 | D:1      | Gained mutation: Your spells are a little harder to cast,
                  | but a little more powerful. [potion of mutation]
   294 | D:1      | Gained mutation: You are resistant to hostile enchantments.
                  | (MR+) [potion of mutation]
   440 | D:1      | Reached XP level 2. HP: 14/21 MP: 5/5
   474 | D:1      | Reached skill level 4 in Unarmed Combat
   755 | D:1      | Reached XP level 3. HP: 26/26 MP: 6/6
   760 | D:1      | Learned a level 3 spell: Spider Form
  1164 | D:2      | Noticed Sigmund
  1199 | D:2      | Killed Sigmund
  1199 | D:2      | Reached XP level 4. HP: 3/32 MP: 5/7
  1199 | D:2      | Reached XP level 5. HP: 4/37 MP: 5/8
  2113 | D:3      | Noticed Terence
  2118 | D:3      | Killed Terence
  2118 | D:3      | Reached skill level 5 in Unarmed Combat
  2118 | D:3      | Reached XP level 6. HP: 43/43 MP: 6/9
  2139 | D:3      | Noticed an orc warrior
  2162 | D:3      | Killed an orc warrior
  2162 | D:3      | Reached skill level 6 in Unarmed Combat
  2305 | D:3      | Slain by an ogre

Skill      XL: |  1  2  3  4  5  6 |
---------------+-------------------+-----
Unarmed Combat | 4 5 6 |  6.3
Transmutations | 4 |  4.9
Poison Magic   | 3 |  3.2
Fighting       | |  1.1
Dodging        | |  2.6
Spellcasting   | |  2.0

Action                   |  1- 3 |  4- 6 || total
-------------------------+-------+-------++-------
Melee: Unarmed           |    86 |   104 ||   190
       Headbutt          |     3 |     2 ||     5
       Punch             |       |     1 ||     1
 Cast: Beastly Appendage |     7 |     6 ||    13
       Spider Form       |     2 |     3 ||     5
  Use: Scroll            |     5 |       ||     5
       Potion            |     3 |     2 ||     5
 Stab: Sleeping          |     3 |     7 ||    10
       Distracted        |       |     1 ||     1
  Eat: Chunk             |     1 |     5 ||     6
Armor: Robe              |    16 |    16 ||    32
       Skin              |       |     3 ||     3
Dodge: Dodged            |    62 |    48 ||   110
